 Dungeon Crawl Stone Soup version 0.31-a0-851-g7ff8af7976 (webtiles) character file.

Game seed: 3140906721163873390

7 avis the Ducker (level 1, 10/10 HPs)
             Began as a Felid Fighter on Oct 8, 2023.
             Got out of the dungeon alive.
             The game lasted 00:01:05 (188 turns).

avis the Ducker (Felid Fighter)                      Turns: 188, Time: 00:01:05

Health: 10/10      AC:  1    Str: 12    XL:     1   Next: 83%
Magic:  2/2        EV: 18    Int:  9    God:
Gold:   10         SH:  0    Dex: 15    Spells: 0/0 levels left
                                        Lives:  0   Deaths: 1

rFire   . .          .
                       - Unarmed
rCold   . . .        (shield unavailable)
rNeg    . . .        (body armour unavailable)
rPois   .            (helmet unavailable)
rElec   .            (cloak unavailable)
rCorr   .            (gloves unavailable)
SInv    +            (boots unavailable)
Will    .....        (no amulet)
Stlth   ++           (no ring)
HPRegen 0.21/turn    (no ring)
MPRegen 0.08/turn

%: no passive effects
@: quick
A: very small, claws 1, fangs 3, see invisible, speed 1, shaggy fur 1, stealthy
paws, no weapons or thrown items, no armour, multi-lived
a: no special abilities


You escaped.
You visited 1 branch of the dungeon, and saw 1 of its levels.

You collected 10 gold pieces.

Inventory:

Scrolls
 c - a scroll of teleportation {unknown}
Potions
 a - a potion of might
 b - a potion of curing {unknown}


   Skills:
 - Level 3.0 Fighting
 * Level 4.4 Dodging
 + Level 1.1 Stealth
 - Level 4.0 Unarmed Combat


You couldn't memorise any spells.
You didn't know any spells.
Your spell library was empty.

Dungeon Overview and Level Annotations

Branches:
Dungeon (1/15)

Altars:


Innate Abilities, Weirdness & Mutations

You have sharp claws.
You have razor-sharp teeth.
You have supernaturally acute eyesight. (SInv)
You cover ground quickly. (Speed+)
You are covered in fur. (AC +1)
Your paws help you pounce on unaware monsters.
You are incapable of wielding weapons or throwing items.
You cannot wear armour.
You gain extra lives every three experience levels.


Message History

The bat barely misses you. The dart slug barely misses you.
You scratch the dart slug.
The dart slug is severely wounded.
The bat hits you but does no damage. The jackal misses you.
You scratch the dart slug.
You kill the dart slug!
The bat hits you. x2; The jackal closely misses you.
The jackal misses you.
There is an open door here.
The jackal attacks as it pursues you! The jackal misses you.
You scratch the jackal.
The jackal is moderately wounded.
The jackal bites you.
You claw the jackal!
You kill the jackal!
Your Stealth skill increases to level 1!
You closely miss the jackal. The jackal bites you.
You closely miss the jackal. Your bite misses the jackal.
The jackal bites you but does no damage.
The jackal bites you.
* * * LOW HITPOINT WARNING * * *
You scratch the jackal.
You kill the jackal!
You scratch the jackal. Your bite misses the jackal.
The jackal is moderately wounded.
The jackal completely misses you.
You closely miss the jackal. Your bite misses the jackal.
The jackal is moderately wounded.
The jackal completely misses you.
You closely miss the jackal. You bite the jackal.
The jackal is heavily wounded.
The jackal bites you.
* * * LOW HITPOINT WARNING * * *
The jackal bites you.
You die...
You rejoin the land of the living...
You enter the shallow water.
Moving in this stuff is going to be slow.
There is a staircase leading out of the dungeon here.
You have escaped!

# #... ..## ##.##
##..
....####...####....
#.....#..~..#.....#
#8..~....~....~..8#
##...~..~~~..~...##
#.....~~~~~~~.....##
..#
....~~~~...~~~~....#
#.#
..~~~~~..@..~~~~~..#
#.#
....~~~~...~~~~....#
#.#
#.....~~~~~~~.....##
#.#
##...~..~~~..~...##
#.#
#8..~....~....~..8#
#.#
##.....#..~..#.....##
#†#
#....####...####....#
#h#####..#### ##.##
####..######
#g#.........# #..#
#..........#


There were no monsters in sight!

Vanquished Creatures
  A dart slug (D:1)
  2 jackals (D:1)
  A kobold (D:1)
4 creatures vanquished.

Notes
Turn   | Place    | Note
-------+----------+-------------------------------------------
     0 | D:1      | avis the Felid Fighter began the quest for the Orb.
     0 | D:1      | Reached XP level 1. HP: 10/10 MP: 2/2
   175 | D:1      | Reached skill level 1 in Stealth
   180 | D:1      | Slain by a jackal
   188 | D:$      | Got out of the dungeon alive.

Illustrated notes

Levels and vault maps discovered:
D:1:      eino_arrival_water_star, layout_basic, minmay_tetromino_i2

Skill      XL: |  1 |
---------------+----+-----
Stealth        | 1 |  1.1
Fighting       | |  3.0
Dodging        | |  4.4
Unarmed Combat | |  4.0

Action                     || total
---------------------------++-------
  Melee: Unarmed           ||    14
         Bite              ||     1
 Armour: Skin              ||    10
  Dodge: Dodged            ||    13

Table legend: (Time is in decaauts)
 A = Elapsed time spent in this place.
 B = Non-inter-level travel time spent in this place.
 C = Inter-level travel time spent in this place.
 D = Time resting spent in this place.
 E = Time spent auto-exploring this place.
 F = Levels seen in this place.
 G = Mean time per level.
                   A        B        C        D        E       F      G
               +--------+--------+--------+--------+--------+-----+--------+
         Total |    157 |    157 |      0 |      0 |    116 |   1 |  157.0 |
       Dungeon |    157 |    157 |      0 |      0 |    116 |   1 |  157.0 |
               +--------+--------+--------+--------+--------+-----+--------+

Top non-repeatable levels by time:
     D:1: 157 daAuts
